 Dungeon Sprint DCSS version 0.30-a0-634-g8abc85282e (webtiles) character file.

Game seed: 11119105599451609407

492 mhtbhm the Grappler (level 6, 0/55 HPs)
             Began as a Troll Transmuter on Jan 14, 2023.
             Was an Initiate of Gozag.
             Slain by a human
             ... wielding a +0 club
              (6 damage)
             ... in the Dungeon (Sprint III: "The Ten Rune Challenge").
             The game lasted 00:02:26 (434 turns).

mhtbhm the Grappler (Troll Transmuter)               Turns: 434, Time: 00:02:27

Health: 0/55       AC:  5    Str: 21    XL:     6   Next: 91%
Magic:  9/12       EV: 11    Int:  9    God:    Gozag
Gold:   84         SH:  0    Dex: 16    Spells: 5/15 levels left

rFire   . . .      SeeInvis .      - Unarmed
rCold   . . .      Faith    .    (no shield)
rNeg    . . .      Spirit   .    a - +0 robe
rPois   .          Reflect  .    (helmet currently unavailable)
rElec   .          Harm     .    i - +0 cloak
rCorr   .          Rampage  .    (gloves unavailable)
Will    .....      NoTele   +    (boots unavailable)
Stlth   ++                       (no amulet)
HPRegen 1.09/turn                j - +6 ring of dexterity
MPRegen 0.13/turn                (no ring)

@: appendages (expiring)
A: horns 2, talons 2, large, unfitting armour, claws 3, regeneration 1, shaggy
fur 1, tough skin 1
a: End Transformation, Renounce Religion, Potion Petition, Call Merchant, Bribe
Branch


You were in the Dungeon.
You worshipped Gozag.
Gozag was noncommittal.
You had temporarily grown beastly horns and talons.
You visited 1 branch You collected 84 gold pieces.

Inventory:

Armour
 a - a +0 robe (worn)
 i - a +0 cloak (worn)
Jewellery
 j - a +6 ring of dexterity (left claw)
Scrolls
 c - a scroll of immolation {unknown}
 e - 2 scrolls of identify {unknown}
 h - a scroll of blinking
 m - a scroll of poison {unknown}
Potions
 b - a potion of lignification
 f - 2 potions of magic
 k - a potion of flight {unknown}
 l - a potion of curing
 o - 4 potions of mutation
Miscellaneous
 g - a tin of tremorstones (2/2)


   Skills:
 + Level 1.4 Fighting
 + Level 4.1 Dodging
 + Level 0.2 Stealth
 + Level 10.2 Unarmed Combat
 + Level 5.0 Spellcasting
 + Level 5.0 Transmutations
 + Level 0.2 Poison Magic


You had 5 spell levels left.
You knew the following spells:

 Your Spells              Type           Power      Damage    Failure   Level
a - Beastly Appendage     Tmut           22%        N/A       3%          1
b - Wereblood             Tmut           11%        N/A       4%          2
c - Spider Form           Tmut/Pois      7%         N/A       24%         3
d - Ice Form              Ice/Tmut       6%         N/A       65%         4

Your spell library contained the following spells:

 Spells                   Type           Power      Damage    Failure   Level


Dungeon Overview and Level Annotations

Branches:
Dungeon (1/1)

Altars:
Cheibriados
Dithmenos
Fedhas
Gozag
Hepliaklqana
Makhleb
Nemelex Xobeh
Okawaru
Qazlal
Ru
Trog
Uskayaw
Wu Jian
Xom
Yredelemnul
Jiyva
Lugonu


Innate Abilities, Weirdness & Mutations

You have temporarily grown beastly horns and talons.
You are too large for most types of armour.
You have claws for hands.
Your natural rate of healing is unusually fast.
You are covered in fur. (AC +1)
You have tough skin. (AC +1)


Message History

You are too injured to fight recklessly!
You are too injured to fight recklessly!
You are too injured to fight recklessly!
You are too injured to fight recklessly!
You are too injured to fight recklessly!
You are too injured to fight recklessly!
You are too injured to fight recklessly!
You are too injured to fight recklessly!
You are too injured to fight recklessly!
You are too injured to fight recklessly!
You are too injured to fight recklessly!
You are too injured to fight recklessly!
You are too injured to fight recklessly!
You closely miss the human. Your kick misses the human.
Your headbutt misses the human.
The human is almost dead.
The human hits you with a +0 club!
* * * LOW HITPOINT WARNING * * *
The human hits you but does no damage.
You feel much better. The human hits you with a +0 club.
The human barely misses you.
You barely miss the human. You claw the human. Your headbutt misses the human.
The human is lightly wounded.
Your transformation is almost over.
The human hits you with a +0 club! x2
You scratch the human. You headbutt the human.
The human is lightly wounded.
The human closely misses you. The human hits you with a +0 club!
* * * LOW HITPOINT WARNING * * *
You scratch the human.
The human is lightly wounded.
The human hits you with a +0 club.
* * * LOW HITPOINT WARNING * * *
The human closely misses you. The human attacks as you move away!
The human closely misses you.
You howl as the wereblood boils in your veins!
Your primal bloodlust has ended.
The human hits you with a +0 club.
You die...
Your body crumbles into a pile of gold.

▓▓▓▓▓▓ ▓▓▓ ...♣.♣ ♣.#
######## $$ $ ....♣
♣♣.# #___#__#$$ $$
....♣♣♣ ♣..# #p_.#/_# $
$
....~.♣♣♣..###+#p###'##
...~~♣..♣..#....@.....#
).~~~~...♣.'.⌠........#
$ $ $ $$
..~≈≈~~~.♣.#...######'#
$$
.~~≈~~~....#.⌠.#__#...#
.~≈~~~.....#...#__#...#
.~~~.......#+###__#...#
...........# $#__#...+
..†........# #__'...#
▓▓▓▓▓▓▓▓▓▓▓▓ ▓▓▓▓▓▓▓▓


You could see 2 humans.

Vanquished Creatures
  A shadow (D)
  A spatial vortex (D)
  A water elemental (D)
  A necrophage (D)
  A jelly (D)
  Crazy Yiuf (D)
  A necromancer (D)
  A human (D)
  2 endoplasms (D)
  2 rats (D)
12 creatures vanquished.

Notes
Turn   | Place    | Note
-------+----------+-------------------------------------------
     0 | D        | mhtbhm the Troll Transmuter began the quest for the Orb.
     0 | D        | Reached XP level 1. HP: 18/18 MP: 1/1
   107 | D        | Reached skill level 5 in Unarmed Combat
   107 | D        | Reached XP level 2. HP: 26/26 MP: 1/3
   136 | D        | Learned a level 2 spell: Wereblood
   137 | D        | Noticed Crazy Yiuf
   149 | D        | Killed Crazy Yiuf
   150 | D        | Reached skill level 6 in Unarmed Combat
   150 | D        | Reached XP level 3. HP: 22/32 MP: 1/5
   202 | D        | Learned a level 3 spell: Spider Form
   212 | D        | Noticed a water elemental
   218 | D        | Killed a water elemental
   219 | D        | Reached skill level 7 in Unarmed Combat
   219 | D        | Reached XP level 4. HP: 40/40 MP: 0/7
   285 | D        | Reached XP level 5. HP: 46/46 MP: 5/8
   294 | D        | Noticed a shadow
   307 | D        | Killed a shadow
   308 | D        | Reached skill level 1 in Fighting
   308 | D        | Reached skill level 9 in Unarmed Combat
   308 | D        | Reached XP level 6. HP: 34/55 MP: 7/11
   356 | D        | Learned a level 4 spell: Ice Form
   358 | D        | Found a blossoming altar of Fedhas.
   358 | D        | Found a stormy altar of Qazlal.
   358 | D        | Found a snail-covered altar of Cheibriados.
   358 | D        | Found a burning altar of Makhleb.
   358 | D        | Found a shimmering altar of Xom.
   358 | D        | Noticed a spatial vortex
   360 | D        | Found a hazy altar of Hepliaklqana.
   360 | D        | Found an opulent altar of Gozag.
   360 | D        | Found a sparkling altar of Nemelex Xobeh.
   360 | D        | Found a corrupted altar of Lugonu.
   360 | D        | Found a viscous altar of Jiyva.
   369 | D        | Killed a spatial vortex
   372 | D        | Became a worshipper of Gozag Ym Sagoz the Greedy
   407 | D        | Found a shadowy altar of Dithmenos.
   412 | D        | Reached skill level 10 in Unarmed Combat
   412 | D        | Reached skill level 5 in Transmutations
   412 | D        | Found a basalt altar of Yredelemnul.
   412 | D        | Found a sacrificial altar of Ru.
   415 | D        | Reached skill level 5 in Spellcasting
   421 | D        | Found a hide-covered altar of Uskayaw.
   421 | D        | Found an iron altar of Okawaru.
   422 | D        | Found a bloodstained altar of Trog.
   422 | D        | Found an ornate altar of the Wu Jian Council.
   422 | D        | Noticed a human
   422 | D        | Noticed a human
   434 | D        | Slain by a human

Illustrated notes

Levels and vault maps discovered:
D:        dungeon_sprint_mu [sprint_mu_entry_forest, sprint_mu_temple_rooms,
          sprint_mu_d1_spiders, sprint_mu_d2_genie, sprint_mu_d3_branching,
          sprint_mu_orc_legion, sprint_mu_elf_gauntlet, sprint_mu_hive_nellie,
          sprint_mu_lair_fedhas, sprint_mu_vaults_butterflies,
          sprint_mu_slime_circle, sprint_mu_swamp_cave, sprint_mu_snake_twists,
          sprint_mu_blade_basic, sprint_mu_crypt_fortress,
          sprint_mu_tomb_spiral, sprint_mu_vestibule_basic,
          sprint_mu_gehenna_hellfire, sprint_mu_dis_giant,
          sprint_mu_tartarus_statrot, sprint_mu_cocytus_islands, sprint_mu_zot1]

Skill      XL: |  1  2  3  4  5  6 |
---------------+-------------------+-----
Dodging        | 2 3 4 |  4.1
Unarmed Combat | 5 6 7 9 10 | 10.2
Transmutations | 2 3 4 5 |  5.0
Spellcasting   | 2 3 4 5 |  5.0
Fighting       | 1 |  1.4
Stealth        | |  0.2
Poison Magic   | |  0.2

Action                   |  1- 3 |  4- 6 || total
-------------------------+-------+-------++-------
Melee: Unarmed           |    35 |    31 ||    66
       Kick              |     4 |     5 ||     9
       Punch             |     1 |       ||     1
       Headbutt          |     1 |     5 ||     6
 Cast: Beastly Appendage |     6 |     4 ||    10
       Wereblood         |     1 |     3 ||     4
       Spider Form       |       |     1 ||     1
  Use: Potion            |     3 |     2 ||     5
Armor: Robe              |     6 |     3 ||     9
Dodge: Dodged            |    12 |    10 ||    22

Table legend: (Time is in decaauts)
 A = Elapsed time spent in this place.
 B = Non-inter-level travel time spent in this place.
 C = Inter-level travel time spent in this place.
 D = Time resting spent in this place.
 E = Time spent auto-exploring this place.
 F = Levels seen in this place.
 G = Mean time per level.
                   A        B        C        D        E       F      G
               +--------+--------+--------+--------+--------+-----+--------+
         Total |    409 |    409 |      0 |    176 |     11 |   1 |  409.0 |
       Dungeon |    409 |    409 |      0 |    176 |     11 |   1 |  409.0 |
               +--------+--------+--------+--------+--------+-----+--------+

Top non-repeatable levels by time:
       D: 409 daAuts
